 Dungeon Crawl Stone Soup version 0.24-b1 (webtiles) character file.

Game seed: 14453018605404068221, levelgen mode: deterministic

109 MirrMurr the Sneak (level 4, -1/21 HPs)
             Began as a Spriggan Enchanter on Oct 12, 2019.
             Slain by a kobold (4 damage)
             ... while paralysed by Grinder
             ... on level 3 of the Dungeon.
             The game lasted 00:05:11 (3669 turns).

MirrMurr the Sneak (Spriggan Enchanter)             Turns: 3669, Time: 00:05:12

Health: -1/21      AC:  2    Str:  8    XL:     4   Next: 59%
Magic:  0/9        EV:  4    Int: 16    God:
Gold:   61         SH:  0    Dex: 16    Spells: 2/8 levels left

rFire    . . .     SeeInvis +   a - +1 dagger
rCold    . . .     Gourm    .   (shield restricted)
rNeg     . . .     Faith    .   h - +0 robe
rPois    .         Spirit   .   (helmet restricted)
rElec    .         Reflect  .   (no cloak)
rCorr    .         Harm     .   (gloves unavailable)
MR       .....                  (boots unavailable)
Stlth    +++.......             (no amulet)
HPRegen  0.07/turn              r - +3 ring of strength
MPRegen  0.11/turn              (no ring)

@: paralysed, very quick
A: very small, unfitting armour, see invisible, herbivore, speed 3, slow
metabolism 2
a: no special abilities


You were on level 3 of the Dungeon.
You were not hungry.

You visited 1 branch of the dungeon, and saw 3 of its levels.

You collected 61 gold pieces.

Inventory:

Hand Weapons
 a - a +1 dagger (weapon)
 b - a +3 short sword
Missiles
 g - 166 stones (quivered)
 p - 12 sling bullets
Armour
 h - a +0 robe (worn)
Jewellery
 r - a +3 ring of strength (left hand)
Scrolls
 e - a scroll of amnesia {unknown}
 i - a scroll of noise {unknown}
 j - 3 scrolls of teleportation {unknown}
 k - a scroll of identify {unknown}
 o - a scroll of magic mapping {unknown}
Potions
 d - a potion of might {unknown}
 f - a potion of haste {unknown}
 l - a potion of brilliance {unknown}
 m - 2 potions of curing {unknown}
 n - a potion of resistance {unknown}
 q - a potion of degeneration {unknown}
Comestibles
 c - 4 rations


   Skills:
 + Level 3.5 Short Blades
 - Level 3.0 Dodging
 + Level 6.7 Stealth
 - Level 2.6 Spellcasting
 - Level 3.6 Hexes


You had 2 spell levels left.
You knew the following spells:

 Your Spells              Type           Power        Failure   Level  Hunger
a - Ensorcelled Hibernat  Hex/Ice        #.....       14%         2    ##.....
b - Confuse               Hex            ##......     13%         3    ###....
Z - Corona                Hex            ##.....      4%          1    #......

Your spell library contained the following spells:

 Spells                   Type           Power        Failure   Level  Hunger
 Tukima's Dance           Hex            ##......     13%         3    ###....
 Dazzling Spray           Conj/Hex       #.....       28%         3    ###....


Dungeon Overview and Level Annotations

Branches:
Dungeon (3/15)

Altars:
Kikubaaqudgha
Qazlal
Trog
Xom
The Shining One

Annotations:
D:3 Grinder


Innate Abilities, Weirdness & Mutations

You are very small and have problems with some larger weapons.
You are too small for most types of armour.
You have supernaturally acute eyesight. (SInv)
You are a herbivore.
You cover ground extremely quickly.
You need to consume almost no food.


Message History

Aim: Grinder (chance to defeat MR: 44%) Grinder resists with some effort.
The kobold shouts!
The hobgoblin barely misses you. Grinder hits you!
You writhe in agony.
Casting: Confuse (safe; 13% risk of failure)
Confirm with . or Enter, or press ? or * to list all spells.
Aiming: Confuse (safe; 13% risk of failure)
Press: ? - help, Shift-Dir - straight line, f/p - Grinder
Aim: Grinder (chance to defeat MR: 44%) Grinder resists with some effort.
The hobgoblin hits you with a +0 whip. Grinder completely misses you.
The hobgoblin hits you with a +0 whip.
* * * LOW HITPOINT WARNING * * *
Grinder gestures at you.
You suddenly lose the ability to move!
The hobgoblin hits you with a +0 whip.
* * * LOW HITPOINT WARNING * * *
Grinder blinks!
The kobold hits you.
You die...

### #....S...#...
...##...#gg......
#...#....g......
####5...#5gS..##.
........#gg##....
######..##.# ...
#.....g#.. ..
#....Kg#### .
#.....@# #......#
########


You could see Grinder, a hobgoblin, a goblin and a kobold.

Vanquished Creatures
  An orc wizard (D:2)
  Robin (D:2)
  2 adders
  A dart slug (D:1)
  4 leopard geckos
  2 orcs
  3 bats
  A giant cockroach (D:1)
  5 hobgoblins
  2 quokkas (D:2)
  A frilled lizard (D:1)
  12 goblins
  6 kobolds
  A rat (D:2)
42 creatures vanquished.

Notes
Turn   | Place    | Note
-------+----------+-------------------------------------------
     0 | D:1      | MirrMurr the Spriggan Enchanter began the quest for the
                  | Orb.
     0 | D:1      | Reached XP level 1. HP: 9/9 MP: 5/5
   390 | D:1      | Reached XP level 2. HP: 13/13 MP: 6/6
   394 | D:1      | Learned a level 2 spell: Ensorcelled Hibernation
   399 | D:1      | Reached skill level 5 in Stealth
  1540 | D:2      | Found a stormy altar of Qazlal.
  1572 | D:2      | Found a faded altar of an unknown god.
  1811 | D:2      | Reached XP level 3. HP: 16/16 MP: 2/8
  1834 | D:2      | Learned a level 3 spell: Confuse
  2019 | D:2      | Found a glowing golden altar of the Shining One.
  2139 | D:3      | Noticed Robin
  2305 | D:3      | Noticed Grinder
  2370 | D:3      | Reached skill level 6 in Stealth
  2390 | D:2      | Reached XP level 4. HP: 9/21 MP: 5/9
  2588 | D:2      | HP: 1/21 [goblin[Robin] (3)]
  2912 | D:2      | Killed Robin
  3055 | D:2      | Found a stormy altar of Qazlal.
  3273 | D:2      | Found a faded altar of an unknown god.
  3402 | D:2      | Found an ancient bone altar of Kikubaaqudgha.
  3424 | D:2      | Found a glowing golden altar of the Shining One.
  3426 | D:2      | Found a bloodstained altar of Trog.
  3548 | D:2      | Found a shimmering altar of Xom.
  3667 | D:3      | Paralysed by Grinder for 3 turns
  3669 | D:3      | Slain by a kobold

Skill      XL: |  1  2  3 |
---------------+----------+-----
Stealth        | 5 6 |  6.7
Short Blades   | 2 3 |  3.5
Dodging        | |  3.0
Spellcasting   | |  2.6
Hexes          | |  3.6

Action                   |  1- 3 |  4- 6 || total
-------------------------+-------+-------++-------
Melee: Dagger            |    42 |    22 ||    64
       Short sword       |    53 |     5 ||    58
 Cast: Corona            |     2 |       ||     2
       Ensorcelled Hiber |     6 |    10 ||    16
       Confuse           |       |     3 ||     3
 Stab: Sleeping          |    17 |     4 ||    21
  Eat: Ration            |       |     1 ||     1
Armor: Robe              |     4 |     4 ||     8
Dodge: Dodged            |    89 |    44 ||   133
